 Dungeon Crawl Stone Soup version 0.30.0-29-ga12c61a403 (console) character file.

Game seed: 8782394014433895078

14126 Banquo the Arsonist (level 12, 0/68 (71) HPs)
             Began as a Gargoyle Fire Elementalist on June 11, 2023.
             Was a High Priest of Vehumet.
             Slain by a spectral orc warlord
             ... wielding a +0 great sword
             ... summoned by Nergalle
              (23 damage)
             ... on level 1 of the Lair of Beasts on June 12, 2023.
             The game lasted 01:34:47 (16345 turns).

Banquo the Arsonist (Gargoyle Fire Elementalist)   Turns: 16345, Time: 01:34:48

HP:   0/68 (71)     AC: 18    Str: 18    XL:     12   Next: 13%
MP:   24/24         EV: 16    Int: 21    God:    Vehumet [*****.]
Gold: 886           SH: 10    Dex: 10    Spells: 10/28 levels left

rFire   . . .        a - +6 spear "Jevaviosch" {venom, rElec}
rCold   . . .        i - +2 kite shield
rNeg    + . .        z - +0 troll leather armour
rPois   ∞            h - +2 helmet
rElec   +            (no cloak)
rCorr   .            g - +1 pair of gloves
SInv    .            (no boots)
Will    .....        N - amulet of magic regeneration
Stlth   ++           S - +6 ring of strength
HPRegen 1.11/turn    V - +5 ring of evasion
MPRegen 0.59/turn

%: no passive effects
@: lightly drained
A: sickness immunity, AC +8, negative energy resistance 1, electricity
resistance, torment resistance 1, petrification resistance
a: Renounce Religion


You were on level 1 of the Lair of Beasts.
You worshipped Vehumet.
Vehumet was extremely pleased with you.
You visited 3 branches of the dungeon, and saw 12 of its levels.
You also visited: Ossuary.

You collected 886 gold pieces.

Inventory:

Hand Weapons
 a - the +6 spear "Jevaviosch" (weapon) {venom, rElec}
   (You took it off a gnoll on level 2 of the Dungeon)

   rElec:     It insulates you from electricity.
 F - a +3 flail of protection
 Y - a +2 spear of freezing
Missiles
 c - 2 throwing nets
 B - 13 boomerangs
Armour
 d - a +1 ring mail of fire resistance
 g - a +1 pair of gloves (worn)
 h - a +2 helmet (worn)
 i - a +2 kite shield (worn)
 z - a +0 troll leather armour (worn)
 R - +0 acid dragon scales
 U - +0 swamp dragon scales
Jewellery
 o - an amulet of reflection
 N - an amulet of magic regeneration (around neck)
 Q - a ring of resist corrosion
 S - a +6 ring of strength (left hand)
 V - a +5 ring of evasion (right hand)
 X - an amulet of regeneration
Wands
 b - a wand of flame (7)
 x - a wand of mindburst (17)
 D - a wand of acid (5)
 H - a wand of iceblast (21)
Scrolls
 e - 3 scrolls of amnesia {unknown}
 l - 2 scrolls of fog {unknown}
 m - 2 scrolls of enchant armour
 n - 4 scrolls of fear {unknown}
 q - 7 scrolls of teleportation
 t - 2 scrolls of poison {unknown}
 u - 2 scrolls of acquirement {unknown}
 y - 4 scrolls of brand weapon {unknown}
 G - a scroll of blinking {unknown}
 I - 5 scrolls of vulnerability {unknown}
 K - 2 scrolls of magic mapping
 W - 3 scrolls of noise {unknown}
Potions
 j - 2 potions of invisibility
 k - 5 potions of might
 p - 2 potions of resistance
 s - 2 potions of curing
 v - 3 potions of flight
 w - a potion of berserk rage
 C - 2 potions of magic
 J - 2 potions of haste
 M - a potion of brilliance


   Skills:
 + Level 6.6 Fighting
 - Level 0.9 Maces & Flails
 - Level 3.6 Polearms
 - Level 4.0 Armour
 * Level 5.4 Dodging
 - Level 2.1 Stealth
 * Level 5.2 Shields
 - Level 8.6 Spellcasting
 - Level 6.8 Conjurations
 + Level 10.9 Fire Magic
 * Level 2.4 Air Magic


You had 10 spell levels left.
You knew the following spells:

 Your Spells              Type           Power      Damage    Failure   Level
a - Scorch                Fire           100%       2d9       1%          2
b - Volatile Blastmotes   Fire/Tloc      64%        2d15      1%          3
i - Iron Shot             Conj/Erth      11%        9d3       86%         6
r - Searing Ray           Conj           74%        2d7       1%          2
w - Flame Wave            Conj/Fire      46%        2d12      1%          4
z - Foxfire               Conj/Fire      100%       2x1d9     1%          1

Your spell library contained the following spells:

 Spells                   Type           Power      Damage    Failure   Level
 Inner Flame              Hex/Fire       32%        N/A       1%          3
 Stone Arrow              Conj/Erth      46%        3d9       4%          3
 Sandblast                Erth           18%        2d7       6%          1
 Arcjolt                  Conj/Air       14%        1d24      22%         5
 Passwall                 Tmut/Erth      7%         N/A       32%         2
 Irradiate                Conj/Tmut      11%        3d15      34%         5
 Vhi's Electric Charge    Tloc/Air       28%        N/A       36%         3
 Plasma Beam              Fire/Air       18%        2x1d33    45%         6
 Manifold Assault         Tloc           9%         N/A       91%         4
 Petrify                  Tmut/Erth      9%         N/A       91%         4
 Dispersal                Tloc           4%         N/A       100%        6
 Disjunction              Tloc           4%         N/A       100%        8
 Sublimation of Blood     Necr           Unusable   N/A       N/A         2

Dungeon Overview and Level Annotations

Branches:
Dungeon (10/15)            Temple (1/1) D:4            Lair (1/5) D:10
    Orc (0/2) D:9         Ossuary (visited)

Altars:
Ashenzari
Cheibriados
Dithmenos
Elyvilon
Fedhas
Gozag
Hepliaklqana
Kikubaaqudgha
Makhleb
Nemelex Xobeh
Okawaru
Qazlal
Ru
Sif Muna
Trog
Uskayaw
Vehumet
Wu Jian
Xom
Yredelemnul
Zin
The Shining One

Annotations:
D:6 1 runed translucent door, Crazy Yiuf
Lair:1 1 runed translucent door, Nergalle; purpleHaze's ghost, journeyman HuHu


Innate Abilities, Weirdness & Mutations

You are immune to sickness and miasma.
Your stone body is resilient. (AC +8)
You are immune to poison.
You resist negative energy. (rN+)
You are resistant to electric shocks. (rElec)
You are resistant to unholy torment.
You are immune to petrification.


Message History

You hit the spectral orc warlord but do no damage.
The spectral orc warlord is lightly damaged.
The spectral orc warlord hits you with a +0 great sword.
You hit the spectral orc warlord but do no damage.
The spectral orc warlord is lightly damaged.
The spectral orc warlord barely misses you.
The spectral orc warlord hits you with a +0 great sword.
You hit Nergalle but do no damage.
Nergalle is poisoned.
Nergalle is lightly wounded.
Nergalle completely misses you.
The spectral orc warlord hits you with a +0 great sword!
You barely miss Nergalle.
Nergalle is lightly wounded.
You block Nergalle's attack.
The spectral orc warlord hits you with a +0 great sword!
You hit Nergalle but do no damage.
Nergalle looks as sick as possible!
Nergalle is lightly wounded.
Nergalle closely misses you.
The spectral orc warlord barely misses you.
Nergalle points at you and mumbles some strange words.
The bolt of negative energy hits you! You partially resist.
You feel drained.
Unknown command.
The spectral orc warlord attacks as you move away!
The spectral orc warlord hits you but does no damage.
Nergalle attacks as you move away! Nergalle hits you but does no damage.
Nergalle casts a spell at you.
Orcish apparitions take form around you.
The spectral orc misses you.
Nergalle points at you and mumbles some strange words.
Orcish apparitions take form around you.
Nergalle points at you and mumbles some strange words.
Orcish apparitions take form around you.
The spectral orc attacks as you move away!
The spectral orc closely misses you.
The spectral orc warlord hits you with a +0 great sword!
* * * LOW HITPOINT WARNING * * *
You block the spectral orc warlord's attack.
The spectral orc warlord attacks as you move away!
The spectral orc warlord hits you with a +0 great sword!!
You die...

....##'..#.#...
...............
...............
...$...........
..................
.....(............ .....
.................
.#.P.##.#......#<# .
#........#....##@### ...
#........#....##Z..##....
#........#...Z##Z.........
#...........ZZ.#Z..##.....
#........#....#....# ...#
#........#....##...# ..#
###'.P'###...o##.#..# .#
..............##.#.#... .
........................


You could see a spectral orc (summoned) and 2 spectral orc warlords.

Vanquished Creatures
  A two-headed ogre (D:9)
  Pikel (D:5)
  A black mamba (Lair:1)
  2 cane toads (Lair:1)
  A gargoyle (D:10)
  Maggie (D:8)
  Psyche (D:7)
  A rime drake (Lair:1)
  A kobold demonologist (D:10)
  2 komodo dragons
  2 trolls
  Prince Ribbit (D:5)
  A shadow (D:10)
  2 humans (D:7)
  Grum (D:8)
  7 basilisks
  9 yaks
  4 vampire mosquitoes (D:10)
  3 steam dragons
  Edmund (D:5)
  An acid dragon (D:9)
  Duvessa (D:7)
  2 water moccasins (Lair:1)
  A black bear (D:6)
  3 ice beasts (D:6)
  3 orc warriors (D:9)
  A swamp drake (D:10)
  An ogre (D:5)
  6 wolves
  6 centaurs
  A phantom (D:5)
  3 lemures (D:5)
  4 kobold brigands
  9 bullfrogs
  3 gnoll sergeants
  4 scorpions
  4 wights (D:9)
  Dowan (D:7)
  6 killer bees (D:7)
  2 human zombies (Ossuary)
  4 centaur zombies (Ossuary)
  A gnoll bouda (D:5)
  7 hounds
  A jelly (D:5)
  10 orc priests
  Ijyb (D:5)
  Jessica (D:3)
  4 iguanas
  2 sleepcaps (D:7)
  12 orc wizards
  3 mummies (Ossuary)
  5 hound zombies (Ossuary)
  Robin (D:3)
  18 gnolls
  8 adders
  A shadow imp (D:5)
  2 white imps
  3 worms
  5 dart slugs
  39 orcs
  9 endoplasms
  3 giant cockroaches
  2 gnoll zombies (Ossuary)
  16 goblins
  6 hobgoblins
  5 jackals
  40 kobolds
  5 quokkas
  9 ball pythons
  A bat (D:1)
  2 frilled lizards
  3 goblin zombies (Ossuary)
  4 hobgoblin zombies (Ossuary)
  7 jackal zombies (Ossuary)
  2 kobold zombies (Ossuary)
  5 quokka zombies (Ossuary)
  7 rats
  2 rat zombies (Ossuary)
361 creatures vanquished.

Vanquished Creatures (collateral kills)
  A foxfire (Lair:1)
1 creature vanquished.

Vanquished Creatures (others)
  689 foxfires
689 creatures vanquished.

Grand Total: 1051 creatures vanquished

Notes
Turn   | Place    | Note
-------+----------+-------------------------------------------
     0 | D:1      | Banquo the Gargoyle Fire Elementalist began the quest for
                  | the Orb.
     0 | D:1      | Reached XP level 1. HP: 10/10 MP: 3/3
   200 | D:1      | Reached XP level 2. HP: 15/15 MP: 1/5
   539 | D:1      | Learned a level 2 spell: Scorch
   995 | D:2      | Reached XP level 3. HP: 19/19 MP: 3/6
  1705 | D:2      | Reached XP level 4. HP: 24/24 MP: 4/7
  1709 | D:2      | Identified the +6 spear "Jevaviosch" {venom, rElec}
  1795 | D:2      | Reached skill level 1 in Fighting
  2318 | D:2      | Reached XP level 5. HP: 29/29 MP: 9/9
  3403 | D:3      | Noticed Robin
  3435 | D:3      | Reached skill level 4 in Fire Magic
  3448 | D:3      | Found a snail-covered altar of Cheibriados.
  3771 | D:3      | Killed Robin
  3835 | D:3      | Reached skill level 1 in Polearms
  3978 | D:3      | Found a hazy altar of Hepliaklqana.
  4387 | D:3      | Noticed Jessica
  4397 | D:3      | Killed Jessica
  4705 | D:3      | Found a snail-covered altar of Cheibriados.
  5439 | D:3      | Found a hazy altar of Hepliaklqana.
  5760 | D:4      | Found a staircase to the Ecumenical Temple.
  5796 | Temple   | Entered the Ecumenical Temple
  5862 | Temple   | Became a worshipper of Vehumet
  6043 | D:4      | Reached XP level 6. HP: 35/35 MP: 7/10
  7031 | D:5      | Entered Level 5 of the Dungeon
  7071 | D:5      | Reached XP level 7. HP: 40/40 MP: 8/12
  7087 | D:5      | Reached skill level 1 in Armour
  7165 | D:5      | Noticed Prince Ribbit
  7172 | D:5      | Killed Prince Ribbit
  7182 | D:5      | Noticed Edmund
  7195 | D:5      | Killed Edmund
  7195 | D:5      | Reached * piety under Vehumet
  7195 | D:5      | Offered knowledge of Freeze by Vehumet.
  7196 | D:5      | Reached skill level 5 in Fire Magic
  7196 | D:5      | Reached XP level 8. HP: 27/45 MP: 5/14
  7387 | D:5      | Found a sand-covered staircase.
  7415 | D:5      | Noticed Ijyb
  7423 | D:5      | Killed Ijyb
  7504 | Ossuary  | Entered an ossuary
  7814 | Ossuary  | Reached ** piety under Vehumet
  7814 | Ossuary  | Offered knowledge of Searing Ray by Vehumet.
  7818 | Ossuary  | Learned a level 2 spell: Searing Ray
  7920 | Ossuary  | Reached skill level 5 in Spellcasting
  8264 | Ossuary  | Reached skill level 1 in Shields
  8675 | D:5      | Noticed Pikel
  8684 | D:5      | Killed Pikel
  8685 | D:5      | Reached skill level 6 in Fire Magic
  8685 | D:5      | Reached XP level 9. HP: 51/51 MP: 5/17
  8969 | D:5      | Found an opulent altar of Gozag.
  9651 | D:6      | Offered knowledge of Ignite Poison by Vehumet.
 10014 | D:6      | Found a runed translucent door.
 10015 | D:6      | Noticed Crazy Yiuf
 10099 | D:7      | Reached skill level 7 in Fire Magic
 10372 | D:7      | Reached *** piety under Vehumet
 10926 | D:7      | Reached XP level 10. HP: 58/58 MP: 15/19
 10930 | D:7      | Learned a level 3 spell: Volatile Blastmotes
 10935 | D:7      | Learned a level 4 spell: Flame Wave
 10942 | D:7      | Noticed Duvessa
 10952 | D:7      | Noticed Dowan
 10963 | D:7      | Killed Duvessa
 10972 | D:7      | Killed Dowan
 11141 | D:7      | Offered knowledge of Frozen Ramparts by Vehumet.
 11283 | D:7      | Noticed Psyche
 11305 | D:7      | Killed Psyche
 11306 | D:7      | Reached skill level 5 in Conjurations
 11314 | D:7      | Reached skill level 8 in Fire Magic
 11447 | D:7      | Reached skill level 5 in Fighting
 12184 | D:8      | Noticed Maggie
 12199 | D:8      | Killed Maggie
 12199 | D:8      | Reached **** piety under Vehumet
 12369 | D:8      | Noticed Grum
 12384 | D:8      | Reached skill level 9 in Fire Magic
 12645 | D:8      | Killed Grum
 12683 | D:8      | Identified the +5 halberd "Ryzuw" {flame, Will+}
 12712 | D:8      | Found a sacrificial altar of Ru.
 12712 | D:8      | Found a burning altar of Makhleb.
 12823 | D:9      | Reached XP level 11. HP: 60/64 MP: 19/22
 12952 | D:9      | Noticed a two-headed ogre
 13259 | D:9      | Offered knowledge of Lee's Rapid Deconstruction by Vehumet.
 13446 | D:9      | Reached skill level 1 in Air Magic
 13499 | D:9      | Found a staircase to the Orcish Mines.
 13585 | D:9      | Killed a two-headed ogre
 13802 | D:9      | Found a shadowy altar of Dithmenos.
 14335 | D:10     | Entered Level 10 of the Dungeon
 14438 | D:10     | Noticed a soul eater
 14442 | D:10     | Reached skill level 10 in Fire Magic
 14880 | D:10     | Reached ***** piety under Vehumet
 14930 | D:10     | Offered knowledge of Iron Shot by Vehumet.
 14931 | D:10     | Reached skill level 5 in Dodging
 15029 | D:10     | Found a staircase to the Lair.
 15593 | D:10     | Learned a level 6 spell: Iron Shot
 15613 | Lair:1   | Entered Level 1 of the Lair of Beasts
 15978 | Lair:1   | Reached skill level 5 in Shields
 16007 | Lair:1   | Reached XP level 12. HP: 71/71 MP: 19/24
 16275 | Lair:1   | Found a runed translucent door.
 16284 | Lair:1   | Found a shimmering altar of Xom.
 16284 | Lair:1   | Noticed purpleHaze's ghost (journeyman HuHu)
 16310 | Lair:1   | Noticed Nergalle
 16345 | Lair:1   | Slain by a spectral orc warlord

Illustrated notes

Levels and vault maps discovered:
D:1:      minmay_arrival_three_doors, layout_loops_ring,
          chequers_serial_rivers_room_a
D:2:      layout_loops_corners, serial_rivers, chequers_serial_rivers_small_3,
          chequers_serial_rivers_large_b, chequers_serial_rivers_room_b,
          chequers_serial_rivers_large_a, chequers_serial_rivers_small_a,
          chequers_serial_rivers_micro_c, minmay_joined_circles
D:3:      minmay_inner_zag, layout_basic, nicolae_hepliaklqana_hazy_memory,
          kennysheep_slug_shrine, nrook_mini_vaults, st_stairs_8, uniq_robin,
          uniq_jessica
D:4:      layout_layer_cave, minmay_temple_entry_statues_fountains
D:5:      layout_loops_ring, amcnicky_altar_gilded, enter_ossuary_3,
          grunt_decor_fettered, uniq_prince_ribbit1, uniq_pikel, uniq_ijyb,
          uniq_edmund
D:6:      layout_rooms, uniq_crazy_yiuf_cottage
D:7:      erik_cavepeople, layout_basic, uniq_duvessa
D:8:      layout_rooms, gammafunk_temple_overflow_statue, uniq_grum, uniq_maggie
D:9:      layout_layer_cave, mainiacjoe_overflow_small_starburst, orc_david_3
D:10:     layout_roguey, erik_lair_dragon, grunt_ministairs_11,
          kennysheep_decorative_pillar, uniq_psyche
Temple:   nicolae_temple_x_marks_the_god
Lair:1:   layout_regular_city, ebering_ghost_xom, uniq_nergalle

Skill      XL: |  1  2  3  4  5  6  7  8  9 10 11 |
---------------+----------------------------------+-----
Fighting       | 1 2 3 4 5 6 |  6.6
Conjurations   | 2 3 4 5 6 |  6.8
Spellcasting   | 3 4 5 6 7 8 |  8.6
Fire Magic     | 4 5 6 7 9 10 | 10.9
Polearms       | 1 2 3 |  3.6
Dodging        | 2 3 4 5 |  5.4
Armour         | 1 2 3 4 |  4.0
Shields        | 1 3 4 5 |  5.2
Air Magic      | 2 |  2.4
Maces & Flails | |  0.9
Stealth        | |  2.1

Action                     |  1- 3 |  4- 6 |  7- 9 | 10-12 || total
---------------------------+-------+-------+-------+-------++-------
  Melee: Dagger            |     9 |       |       |       ||     9
         Whip              |    36 |     1 |    33 |       ||    70
         Spear             |       |    83 |    90 |   113 ||   286
   Cast: Foxfire           |    22 |    55 |   142 |   179 ||   398
         Scorch            |    10 |    11 |    92 |   115 ||   228
         Searing Ray       |       |       |     1 |     4 ||     5
         Volatile Blastmot |       |       |       |    62 ||    62
         Flame Wave        |       |       |       |    13 ||    13
    Use: Scroll            |       |       |    11 |     7 ||    18
         Potion            |       |       |       |     2 ||     2
   Stab: Sleeping          |     6 |     4 |       |       ||    10
 Armour: Robe              |    13 |    18 |       |       ||    31
         Leather armour    |       |       |    47 |    50 ||    97
         Ring mail         |       |       |       |    12 ||    12
         Troll leather arm |       |       |       |     3 ||     3
  Dodge: Dodged            |    29 |    26 |    99 |   124 ||   278
  Block: Other             |     4 |    15 |     3 |       ||    22
         Reflection        |       |     1 |       |       ||     1
         Buckler           |       |       |    48 |    26 ||    74
         Kite shield       |       |       |       |    25 ||    25
